 Dungeon Crawl Stone Soup version 0.21-a0-128-gf2b353c (webtiles) character file.

10 4thArraOfDagon the Chiller (level 2, -4/22 HPs)
             Began as a Human Wanderer on July 16, 2017.
             Slain by an ogre
             ... wielding a cursed -1 giant club
              (23 damage)
             ... on level 6 of the Dungeon.
             The game lasted 00:01:54 (455 turns).

4thArraOfDagon the Chiller (Human Wanderer)          Turns: 455, Time: 00:01:54

Health: -4/22      AC:  8    Str: 14    XL:     2   Next: 30%
Magic:  6/6        EV:  5    Int: 11    God:
Gold:   9          SH:  0    Dex: 11    Spells: 6/7 levels left

rFire    . . .     SeeInvis .   j - +0 war axe
rCold    . . .     Gourm    .   (no shield)
rNeg     . . .     Faith    .   k - +0 chain mail
rPois    .         Spirit   .   (no helmet)
rElec    .         Reflect  .   (no cloak)
rCorr    .         Harm     .   (no gloves)
MR       .....                  (no boots)
Stlth    ..........             (no amulet)
HPRegen  0.07/turn              (no ring)
MPRegen  0.10/turn              (no ring)

@: no status effects
A: no striking features
a: no special abilities


You were on level 6 of the Dungeon.
You were not hungry.

You visited 1 branch of the dungeon, and saw 6 of its levels.

You collected 9 gold pieces.

Inventory:

Hand Weapons
 e - a +0 club
 h - a +0 hand axe
 j - a +0 war axe (weapon)
 l - a +0 trident
Armour
 d - a +0 robe
 i - a +3 ring mail of fire resistance
 k - a +0 chain mail (worn)
Wands
 m - a wand of confusion (29/48)
Potions
 g - a potion of flight {unknown}
Books
 a - a book of Minor Magic

   Spells                             Type                      Level
   a - Magic Dart                     Conjuration                  1
   b - Blink                          Translocation                2
   c - Call Imp                       Summoning                    2
   d - Slow                           Hexes                        2
   e - Conjure Flame                  Conjuration/Fire             3
   f - Mephitic Cloud                 Conjuration/Poison/Air       3
 b - the Grimoire of the Arsonist

   Spells                             Type                      Level
   a - Flame Tongue                   Conjuration/Fire             1
   b - Conjure Flame                  Conjuration/Fire             3
 c - the Papyrus of the Snowflakes

   Spells                             Type                      Level
   a - Freeze                         Ice                          1
   b - Ozocubu's Armour               Charms/Ice                   3
Comestibles
 f - a bread ration


   Skills:
 + Level 1.8 Fighting
 - Level 1.0 Stealth
 - Level 3.0 Spellcasting
 - Level 2.0 Fire Magic
   Level 3.0 Ice Magic
   Level 1.0 Evocations


You had 6 spell levels left.
You knew the following spells:

 Your Spells              Type           Power        Failure   Level  Hunger
a - Flame Tongue          Conj/Fire      #....        99%         1    #......


Dungeon Overview and Level Annotations

Branches:
Dungeon (6/15)
 Temple: D:4-7

Altars:


Message History

Unknown command.
Okay, then.
Unknown command.
Unknown command.
The bullfrog skeleton hits you but does no damage.
Your chain mail prevents you from hitting the bullfrog skeleton.
The bullfrog skeleton barely misses you.
Unknown command.
The bullfrog skeleton hits you but does no damage.
The bullfrog skeleton hits you.
Found a ring mail.
Unknown command.
The bullfrog skeleton hits you but does no damage.
You see here a wand of confusion (?/48).
Unknown command.
m - a wand of confusion (?/48)
The bullfrog skeleton barely misses you.
The ogre hits you with a giant club!!
Ouch! That really hurt!
You die...

# # ....
#.#.####..#
Z###.#.#..#..#
.......#..#..#
#...#....#..#
#[.......#..#
###...@O#..#
#......Z...#
###.#<...#.# #
#.####.#
#......#
########


You could see an ogre and a bullfrog skeleton.

Vanquished Creatures
  A leopard gecko (D:1)
  An orc (D:5)
  2 giant cockroaches
  A goblin (D:4)
  A hobgoblin (D:1)
  A rat (D:4)
7 creatures vanquished.

Notes
Turn   | Place    | Note
-------+----------+-------------------------------------------
     0 | D:1      | 4thArraOfDagon the Human Wanderer began the quest for the Orb.
     0 | D:1      | 4thArraOfDagon set off with: a book of Minor Magic, the Grimoire of the Arsonist, the Papyrus of the Snowflakes, a +0 robe, a +0 club, a bread ration
     0 | D:1      | Reached XP level 1. HP: 13/13 MP: 4/4
     0 | D:1      | Identified the Grimoire of the Arsonist
     0 | D:1      | Identified the Papyrus of the Snowflakes
     2 | D:1      | Learned a level 1 spell: Flame Tongue
    49 | D:1      | Reached skill level 1 in Fighting
   105 | D:3      | Noticed an orc wizard
   115 | D:4      | Reached XP level 2. HP: 14/21 MP: 6/6
   174 | D:5      | Entered Level 5 of the Dungeon
   429 | D:5      | Noticed a scorpion
   442 | D:6      | Noticed an ogre
   455 | D:6      | Slain by an ogre

Vault maps used:
D:1:      dpeg_arrival_boxes_within_box, minmay_crystal_room
D:2:      kennysheep_nub, uniq_robin
D:3:      kennysheep_small_spiral, led_sif_pool, uniq_ijyb
D:4:      first_bread
D:5:      uniq_sigmund
D:6:      minmay_overflow_temple_star_quad, lemuel_doored_altar, minivault_4

Skill      XL: |  1 |
---------------+----+-----
Fighting       | 1 |  1.8
Stealth        | |  1.0
Spellcasting   | |  3.0
Fire Magic     | |  2.0
Ice Magic      | |  3.0
Evocations     | |  1.0

Action                   || total
-------------------------++-------
Melee: Hand axe          ||    25
       Club              ||     1
       War axe           ||     1
 Cast: Flame Tongue      ||    14
Armor: Robe              ||    18
       Chain mail        ||     3
Dodge: Dodged            ||    50
